 Dungeon Crawl Stone Soup version 0.28-a0-1506-g3893175d92 (webtiles) character file.

Game seed: 2193545802929739599

126 HallandMoats the Skirmisher (level 5, -2/46 HPs)
             Began as a Ghoul Fighter on Jan 14, 2022.
             Was a Believer of Wu Jian.
             Killed from afar by Crazy Yiuf (14 damage)
             ... with a puff of flame
             ... on level 2 of the Dungeon.
             The game lasted 00:03:27 (2512 turns).

HallandMoats the Skirmisher (Ghoul Fighter)         Turns: 2512, Time: 00:03:27

Health: -2/46      AC: 10    Str: 25    XL:     5   Next: 10%
Magic:  4/4        EV:  9    Int:  5    God:    Wu Jian [**....]
Gold:   105        SH:  4    Dex:  8    Spells: 4/4 levels left

rFire   . . .      SeeInvis .   a - +0 long sword
rCold   + . .      Faith    .   c - +0 buckler
rNeg    + + +      Spirit   .   b - +0 scale mail
rPois   ∞          Reflect  .   n - +0 helmet
rElec   .          Harm     .   (no cloak)
rCorr   .          Rampage  .   (no gloves)
Will    .....                   o - +1 pair of boots of Yreatz {Str+5}
Stlth   ..........              (no amulet)
HPRegen 0.00/turn               (no ring)
MPRegen 0.09/turn               (no ring)

@: inhibited regen
A: claws 1, cold resistance 1, negative energy resistance 3, inhibited
regeneration, torment resistance 2
a: Renounce Religion, Wall Jump


You were on level 2 of the Dungeon.
You worshipped Wu Jian.
Wu Jian was pleased with you.
You visited 1 branch of the dungeon, and saw 2 of its levels.

You collected 105 gold pieces.

Inventory:

Hand Weapons
 a - a +0 long sword (weapon)
Armour
 b - a +0 scale mail (worn)
 c - a +0 buckler (worn)
 n - a +0 helmet (worn)
 o - the +1 pair of boots of Yreatz (worn) {Str+5}
   (You found it on level 2 of the Dungeon)

   Str:       It affects your strength (+5).
Scrolls
 i - 3 scrolls of noise {unknown}
 k - a scroll of silence {unknown}
Potions
 e - a potion of experience {unknown}
 f - a potion of haste {unknown}
 g - a potion of invisibility {unknown}
 h - a potion of flight {unknown}
 j - 2 potions of lignification {unknown}
 l - 2 potions of magic {unknown}
 m - a potion of mutation {unknown}
 p - a potion of ambrosia {unknown}


   Skills:
 + Level 3.8 Fighting
 + Level 2.4 Long Blades
 + Level 3.1 Armour
 + Level 1.5 Dodging
 * Level 3.7 Shields


You had 4 spell levels left.
You didn't know any spells.
Your spell library was empty.

Dungeon Overview and Level Annotations

Branches:
Dungeon (2/15)

Altars:
Wu Jian

Annotations:
D:2 Crazy Yiuf


Innate Abilities, Weirdness & Mutations

You thrive by killing the living.
You are immune to poison.
You have sharp fingernails.
Your flesh is cold resistant. (rC+)
You are immune to negative energy. (rN+++)
You do not regenerate when monsters are visible.
You are immune to unholy pain and torment.


Message History

Really wield
d - a +3 flail of distortion?
Okay, then.
Unknown command.
You drop a +3 flail of distortion.
Found a stone staircase leading down.
No target in view!
You feel a little less mighty now.
Found a mace.
Found a runed translucent door.
No target in view!
Crazy Yiuf shouts!
Crazy Yiuf cries, "Snoogle!
Iron forty-two down."
Crazy Yiuf cries, "You leg down broken song, no?"
Key pressed, stopping explore.
No target in view!
Crazy Yiuf shouts!
Crazy Yiuf yells, "Lugonu horse fast!"
No reachable target in view!
You open the door. You slash Crazy Yiuf!
Crazy Yiuf is moderately wounded.
Crazy Yiuf screams, "Mama cower sanguine!"
Crazy Yiuf hits you with a +4 quarterstaff of chaos!
You are electrocuted!
You barely miss Crazy Yiuf.
Crazy Yiuf is moderately wounded.
Crazy Yiuf zaps a wand.
The puff of flame hits you!
You hit Crazy Yiuf.
Crazy Yiuf is heavily wounded.
You block Crazy Yiuf's attack.
Crazy Yiuf zaps a wand.
The puff of flame hits you but does no damage.
You barely miss Crazy Yiuf.
Crazy Yiuf is heavily wounded.
Crazy Yiuf whimpers, "Seed down pizzabubble!"
Crazy Yiuf hits you with a +4 quarterstaff of chaos.
Crazy Yiuf burns you.
* * * LOW HITPOINT WARNING * * *
You barely miss Crazy Yiuf.
Crazy Yiuf is heavily wounded.
Crazy Yiuf zaps a wand.
The puff of flame hits you!
You die...

......###.# ##.## #.#
##.#......# #..# #.#
##.#.###..# #.## #.#
##.#.###### ### #.#
##...#..# #.#
....##>.##♣♣♣♣♣ ###
.....#...#..♣.♣♣♣ ###
#............♣..♣#...#
....##......♣♣♣♣@g...#
#######..#.♣♣ ♣♣#..)#
####♣♣ ### ###
###############.##
#................#
##................#
#########>................#


You could see Crazy Yiuf.

Vanquished Creatures
  Terence (D:2)
  Robin (D:2)
  3 adders (D:2)
  2 worms (D:2)
  5 ball pythons
  3 endoplasms (D:2)
  A giant cockroach (D:1)
  4 hobgoblins
  4 jackals (D:1)
  4 kobolds
  2 quokkas (D:1)
  5 bats
  4 frilled lizards
  13 goblins
  4 rats
56 creatures vanquished.

Notes
Turn   | Place    | Note
-------+----------+-------------------------------------------
     0 | D:1      | HallandMoats the Ghoul Fighter began the quest for the Orb.
     0 | D:1      | Reached XP level 1. HP: 19/19 MP: 0/0
   279 | D:1      | Reached XP level 2. HP: 21/26 MP: 1/1
  1028 | D:2      | Found a faded altar of an unknown god.
  1034 | D:2      | Prayed at the altar of an unknown god.
  1034 | D:2      | Became a worshipper of the Wu Jian Council
  1034 | D:2      | Reached * piety under Wu Jian
  1038 | D:2      | Reached XP level 3. HP: 31/31 MP: 2/2
  1067 | D:2      | Noticed Robin
  1481 | D:2      | Killed Robin
  1482 | D:2      | Reached skill level 1 in Dodging
  1736 | D:2      | Reached XP level 4. HP: 40/40 MP: 3/3
  1758 | D:2      | Identified the +1 pair of boots of Yreatz {Str+5}
  1800 | D:2      | Reached ** piety under Wu Jian
  2387 | D:2      | Noticed Terence
  2392 | D:2      | Killed Terence
  2393 | D:2      | Reached XP level 5. HP: 46/46 MP: 4/4
  2447 | D:2      | Found a runed translucent door.
  2448 | D:2      | Noticed Crazy Yiuf
  2512 | D:2      | Killed from afar by Crazy Yiuf

Illustrated notes

Levels and vault maps discovered:
D:1:      nicolae_arrival_somewhat_less_tricky_arrival, layout_basic,
          minivault_25, minmay_misc_feat_square
D:2:      layout_rooms, ebering_ecumenical_altar_abandoned,
          minmay_fractal_squares_5, uniq_terence, uniq_crazy_yiuf_cottage,
          uniq_robin

Skill      XL: |  1  2  3 |
---------------+----------+-----
Long Blades    | 2 |  2.4
Shields        | 3 |  3.7
Armour         | 3 |  3.1
Dodging        | 1 |  1.5
Fighting       | |  3.8

Action                   |  1- 3 |  4- 6 || total
-------------------------+-------+-------++-------
Melee: Long sword        |   123 |    90 ||   213
Invok: Whirlwind         |     4 |       ||     4
       Lunge             |     1 |     5 ||     6
  Use: Potion            |       |     1 ||     1
Armor: Scale mail        |    65 |    48 ||   113
Dodge: Dodged            |    67 |    47 ||   114
Block: Buckler           |    33 |    15 ||    48

Table legend: (Time is in decaauts)
 A = Elapsed time spent in this place.
 B = Non-inter-level travel time spent in this place.
 C = Inter-level travel time spent in this place.
 D = Time resting spent in this place.
 E = Time spent auto-exploring this place.
 F = Levels seen in this place.
 G = Mean time per level.
                   A        B        C        D        E       F      G
               +--------+--------+--------+--------+--------+-----+--------+
         Total |   2584 |   2558 |     26 |    333 |   1738 |   2 | 1292.0 |
       Dungeon |   2584 |   2558 |     26 |    333 |   1738 |   2 | 1292.0 |
               +--------+--------+--------+--------+--------+-----+--------+

Top non-repeatable levels by time:
     D:1: 1449 daAuts
     D:2: 1135 daAuts
